 Dungeon Crawl Stone Soup version 0.30.0-29-ga12c61a403 (webtiles) character file.

Game seed: 15630454027150879679

105651 BONEBRO the Impregnable (level 15, -8/107 HPs)
             Began as a Minotaur Fighter on June 13, 2023.
             Was the Champion of the Shining One.
             Killed from afar by Nikola (98 damage)
             ... with an arc of chain lightning
             ... on level 3 of the Snake Pit.
             The game lasted 02:07:04 (17004 turns).

BONEBRO the Impregnable (Minotaur Fighter)         Turns: 17004, Time: 02:07:16

Health: -8/107     AC: 30    Str: 35    XL:     15   Next: 95%
Magic:  19/20      EV:  9    Int:  5    God:    the Shining One [******]
Gold:   976        SH:  9    Dex:  9    Spells: 14/14 levels left

rFire   + . .        N - +8 battleaxe (freeze)
rCold   + . .        (shield currently unavailable)
rNeg    + + +        Q - +1 plate armour
rPois   +            y - +2 hat
rElec   .            a - scarf {rC+ rF+}
rCorr   .            i - +2 pair of gloves {Str+3}
SInv    .            B - +0 pair of boots
Will    +....        R - amulet of Ylimp {Drain rN++ Regen+ Str+3} Stlth
                     e - +4 ring of slaying
HPRegen 1.17/turn    m - ring of poison resistance
MPRegen 0.17/turn

%: no passive effects
@: divinely shielded, hasted, glowing, very quick
A: horns 2, retaliatory headbutt
a: Renounce Religion, Divine Shield, Cleansing Flame, Summon Divine Warrior,
Brand Weapon With Holy Wrath


You were on level 3 of the Snake Pit.
You worshipped the Shining One.
The Shining One was exalted by your worship.
You visited 4 branches of the dungeon, and saw 18 of its levels.
You also visited: Ossuary and Volcano.

You collected 1726 gold pieces.
You spent 750 gold pieces at shops.

Inventory:

Hand Weapons
 N - a +8 battleaxe of freezing (weapon)
Missiles
 f - 12 atropa-tipped darts (quivered)
 j - 21 poisoned darts
 M - 6 curare-tipped darts
Armour
 a - a scarf of resistance (worn)
 i - a +2 pair of gloves of strength (worn)
 x - a +2 cloak of poison resistance
 y - a +2 hat (worn)
 B - a +0 pair of boots (worn)
 Q - a +1 plate armour (worn)
Jewellery
 c - a ring of positive energy
 e - a +4 ring of slaying (left hand)
 m - a ring of poison resistance (right hand)
 n - a ring of see invisible
 p - a ring of fire
 q - a ring of resist corrosion
 s - a ring of ice
 u - a ring of protection from fire
 C - a +6 ring of dexterity
 E - a ring of protection from cold
 R - the amulet of Ylimp (around neck) {Drain rN++ Regen+ Str+3}
   (You bought it in a shop on level 1 of the Snake Pit)

   [amulet of regeneration]

   Str:       It affects your strength (+3).
   rN:        It greatly protects you from negative energy.
   Regen:     It increases your rate of health regeneration.
   Drain:     It drains your maximum health when unequipped.
 T - a ring of poison resistance
Wands
 h - a wand of light (4)
 w - a wand of polymorph (7)
 A - a wand of mindburst (18)
 P - a wand of flame (24)
 U - a wand of roots (17)
 W - a wand of charming (21)
Scrolls
 o - 4 scrolls of fear
 t - 2 scrolls of enchant armour
 v - 3 scrolls of fog
 z - a scroll of teleportation
 H - 4 scrolls of brand weapon
 J - a scroll of acquirement {unknown}
 L - 4 scrolls of butterflies
 O - 2 scrolls of silence {unknown}
 S - 3 scrolls of magic mapping
 X - a scroll of poison {unknown}
Potions
 k - 8 potions of brilliance
 l - 13 potions of curing
 D - 2 potions of flight
 F - 3 potions of heal wounds
 G - a potion of invisibility {unknown}
 I - a potion of might
 Z - 2 potions of magic {unknown}
Miscellaneous
 g - a piece from Xom's chessboard (15/15)
 V - a phantom mirror
 Y - a box of beasts


   Skills:
 - Level 3.6 Fighting
 - Level 18.3 Axes
 - Level 10.1 Throwing
 + Level 24.2 Armour
 - Level 0.3 Dodging
 - Level 0.2 Stealth
 - Level 3.6 Shields
 + Level 8.5 Invocations


You had 14 spell levels left.
You didn't know any spells.
Your spell library contained the following spells:

 Spells                   Type           Power      Damage    Failure   Level
 Blink                    Tloc           0%         N/A       91%         2
 Ensorcelled Hibernation  Hex/Ice        0%         N/A       91%         2
 Lesser Beckoning         Tloc           0%         N/A       91%         2
 Momentum Strike          Conj/Tloc      0%         3d8       91%         2
 Passwall                 Tmut/Erth      0%         N/A       91%         2
 Gell's Gravitas          Tloc           0%         N/A       99%         3
 Spider Form              Tmut/Pois      0%         N/A       99%         3
 Swiftness                Air            0%         N/A       99%         3
 Vhi's Electric Charge    Tloc/Air       0%         N/A       99%         3
 Anguish                  Hex/Necr       0%         N/A       100%        4
 Summon Lightning Spire   Summ/Air       0%         N/A       100%        4
 Arcjolt                  Conj/Air       0%         1d10      100%        5
 Silence                  Hex/Air        0%         N/A       100%        5
 Plasma Beam              Fire/Air       0%         2x1d11    100%        6
 Simulacrum               Ice/Necr       0%         N/A       100%        6
 Ozocubu's Refrigeration  Ice            0%         4d7       100%        7
 Storm Form               Tmut/Air       0%         N/A       100%        7
 Maxwell's Capacitive Co  Air            0%         ∞         100%        8
 Polar Vortex             Ice            0%         N/A       100%        9


Dungeon Overview and Level Annotations

Branches:
Dungeon (9/15)             Temple (1/1) D:4            Lair (5/5) D:9
 Shoals (0/4) Lair:3        Snake (3/4) Lair:3        Slime (0/5) Lair:4
Ossuary (visited)         Volcano (visited)
    Orc: D:9-12

Altars:
Ashenzari
Cheibriados
Dithmenos
Elyvilon
Fedhas
Gozag
Kikubaaqudgha
Makhleb
Nemelex Xobeh
Okawaru
Qazlal
Ru
Sif Muna
Trog
Uskayaw
Vehumet
Wu Jian
Xom
Yredelemnul
The Shining One
Jiyva

Shops:
D:6 *   Snake:1 :=:   Snake:3 =

Portals:
Hell: Lair:5

Annotations:
D:5 2 transporters, Fodor's ghost, novice MiFi
Lair:2 2 transporters, exclusion: oklob plant, belegose's ghost, journeyman HORe
Snake:3 Nikola


Innate Abilities, Weirdness & Mutations

You have a pair of horns on your head.
You reflexively headbutt those who attack you in melee.


Message History

The nagaraja is lightly wounded.
The naga hits you but does no damage.
You cut the nagaraja into ribbons!!! You freeze the nagaraja!
The nagaraja is severely wounded.
The nagaraja spits poison at you.
The splash of poison hits you but does no damage.
You resist. The nagaraja constricts you. Nikola raves, "Can you feel it?
Can you feel it?
CAN YOU FEEL IT?"
You barely miss the nagaraja.
The nagaraja is severely wounded.
The naga spits poison at you.
The splash of poison hits you but does no damage.
You resist.
You carve the nagaraja like a ham!!! You freeze the nagaraja!
You kill the nagaraja!
You block the naga's attack. x2
You cut Nikola into ribbons!!! You freeze Nikola!
Nikola is moderately wounded.
You slash the naga! You freeze the naga.
Nikola points at you and mumbles some strange words.
The bolt of lightning misses you. x2; You block the naga's attack.
The naga grabs you. The naga constricts you.
You slice Nikola!! You freeze Nikola!
Nikola is heavily wounded.
You barely miss the naga. You slash Nikola! You freeze Nikola.
Nikola is heavily wounded.
You hit the naga. You freeze the naga. Nikola hits you but does no damage.
You block the naga's attack. The naga constricts you.
You slice Nikola!! You freeze Nikola! You headbutt Nikola!
Nikola is severely wounded.
You hit the naga but do no damage. You slice Nikola!! You freeze Nikola.
Nikola is almost dead.
You slash the naga! You freeze the naga.
You kill the naga!
Nikola mumbles some strange words.
Lightning arcs from Nikola's hands!
The bolt of lightning hits you!!!!
Ouch! That really hurt!
You die...

......##....##... ......
..
..######†.......##.###...
. ....# #†)).###....#
..## ....#####)..##....#
...#
....##..N..)).....##...##
.....÷......)#####......
.#####......)...........
............###.))......
...........###..@@....###
.##........###.##..##...#
.##.^...#####..#
#......#.8. ........#
#.## ##<....... ....#####
#.# #N....... ....#
#######)# ###......
#..###.......# 8...∩.
#....#.##...## .....
##.##...##...# .>...


You could see Nikola.

Vanquished Creatures
  A nagaraja (Snake:3)
  A stone giant (Volcano)
  4 hydras
  8 anacondas
  A two-headed ogre (D:8)
  9 naga warriors
  13 death yaks
  5 naga sharpshooters
  Nergalle (Lair:3)
  4 shock serpents
  A fire crab (Lair:5)
  A sixfirhy (Lair:5)
  4 spectral anacondas (Snake:2)
  A sea snake (Snake:2)
  4 skysharks
  4 anaconda zombies (Snake:2)
  3 salamander mystics
  A wizard (Lair:5)
  An obsidian statue (Volcano)
  5 naga ritualists
  13 mana vipers
  2 anaconda skeletons (Snake:2)
  An oklob plant (Lair:1)
  A manticore (Lair:3)
  7 elephants (Lair:5)
  39 black mambas
  2 guardian serpents (Snake:3)
  7 salamanders
  Joseph (Lair:1)
  A gargoyle (Volcano)
  6 cane toads
  A smoke demon (Lair:5)
  9 naga magi
  5 rime drakes
  3 orange demons (Lair:5)
  8 torpor snails
  Psyche (D:9)
  4 anaconda simulacra (Snake:2)
  An efreet (Volcano)
  16 komodo dragons
  2 ice devils (Lair:5)
  A troll (D:9)
  3 polar bears
  10 blink frogs
  A wind drake (Lair:3)
  A hornet (D:9)
  7 dream sheep (Lair:5)
  A vampire (D:9)
  3 wyverns
  53 yaks
  A fire elemental (Volcano)
  Grum (D:8)
  3 basilisks
  2 humans (D:9)
  7 fire bats (Volcano)
  2 steam dragons
  An acid dragon (D:9)
  29 nagas
  15 water moccasins
  4 hell hounds (Lair:5)
  2 sky beasts
  2 orc warriors
  2 ice beasts
  2 black bears
  6 wolves
  An ogre (D:6)
  2 kobold brigands
  8 bullfrogs
  An earth elemental (Volcano)
  20 wights
  4 killer bees (D:9)
  2 vampire bats (D:3)
  4 electric eels
  3 howler monkeys
  5 lava snakes (Volcano)
  2 centaur zombies (Ossuary)
  A jelly (D:7)
  A human zombie (Ossuary)
  4 orc priests
  7 hounds
  3 iguanas
  A sleepcap (D:8)
  A gnoll bouda (D:6)
  7 orc wizards
  4 mummies
  5 adders
  8 gnolls
  A white imp (D:3)
  An ufetubus (D:6)
  A worm (D:4)
  A dart slug (D:1)
  22 orcs
  2 bat skeletons (D:3)
  2 bat zombies (D:3)
  7 endoplasms
  5 giant cockroaches
  2 gnoll zombies (Ossuary)
  5 goblins
  12 hobgoblins
  6 jackals
  13 kobolds
  9 quokkas
  8 ball pythons
  5 bats
  2 frilled lizards (D:2)
  2 goblin skeletons (D:3)
  A goblin zombie (Ossuary)
  A hobgoblin zombie (Ossuary)
  A kobold zombie (D:3)
  2 orc skeletons (D:3)
  3 orc zombies
  4 rats
573 creatures vanquished.

Vanquished Creatures (others)
  A spectral anaconda (Snake:2)
  A butterfly (D:9)
2 creatures vanquished.

Grand Total: 575 creatures vanquished

Notes
Turn   | Place    | Note
-------+----------+-------------------------------------------
     0 | D:1      | BONEBRO the Minotaur Fighter began the quest for the Orb.
     0 | D:1      | Reached XP level 1. HP: 19/19 MP: 0/0
   117 | D:1      | Reached XP level 2. HP: 24/26 MP: 1/1
   324 | D:1      | Reached XP level 3. HP: 31/31 MP: 2/2
   910 | D:2      | Reached skill level 5 in Axes
  1117 | D:2      | Got the Omnibus of the Shifting Cumulonimbus
  1147 | D:2      | Reached XP level 4. HP: 39/39 MP: 3/3
  1381 | D:3      | Found a glowing golden altar of the Shining One.
  1414 | D:3      | Became a worshipper of the Shining One
  1443 | D:3      | Found a sparkling altar of Nemelex Xobeh.
  1657 | D:3      | Found a stormy altar of Qazlal.
  1732 | D:3      | Found a snail-covered altar of Cheibriados.
  1811 | D:3      | Found an ancient bone altar of Kikubaaqudgha.
  1815 | D:3      | Reached * piety under the Shining One
  1816 | D:3      | Reached XP level 5. HP: 45/45 MP: 4/4
  1923 | D:4      | Found a staircase to the Ecumenical Temple.
  2116 | D:4      | Found a hide-covered altar of Uskayaw.
  2177 | D:4      | Noticed a black bear
  2182 | D:4      | Killed a black bear
  2183 | D:4      | Reached XP level 6. HP: 51/51 MP: 5/5
  2642 | Temple   | Entered the Ecumenical Temple
  2688 | D:5      | Entered Level 5 of the Dungeon
  2723 | D:5      | Noticed an ice beast
  2729 | D:5      | Killed an ice beast
  2730 | D:5      | Reached XP level 7. HP: 57/57 MP: 6/6
  2799 | D:5      | Found a transporter.
  2856 | D:5      | Found a transporter.
  2859 | D:5      | Noticed Fodor's ghost (novice MiFi)
  2861 | D:5      | You fall into a shaft and drop 3 floors!
  2873 | D:8      | Noticed a steam dragon
  2890 | D:8      | Killed a steam dragon
  2891 | D:8      | Reached skill level 10 in Axes
  2915 | D:8      | Found a sand-covered staircase.
  2924 | Ossuary  | Entered an ossuary
  3019 | Ossuary  | Reached ** piety under the Shining One
  3177 | D:8      | Noticed a two-headed ogre
  3185 | D:8      | Killed a two-headed ogre
  3186 | D:8      | Reached XP level 8. HP: 64/64 MP: 3/7
  3207 | D:8      | Reached skill level 1 in Invocations
  3378 | D:7      | Reached XP level 9. HP: 56/70 MP: 8/8
  3447 | D:7      | Reached *** piety under the Shining One
  3556 | D:7      | Found a radiant altar of Vehumet.
  3851 | D:7      | Reached skill level 15 in Axes
  4071 | D:6      | Found a shadowy altar of Dithmenos.
  4098 | D:6      | Reached skill level 4 in Armour
  4124 | D:6      | Found an opulent altar of Gozag.
  4283 | D:6      | Found Ea-nāṣir's Fine Metal Goods.
  4677 | D:6      | Found an ornate altar of the Wu Jian Council.
  4798 | D:8      | Noticed a manticore
  4798 | D:8      | Noticed Grum
  4818 | D:8      | Reached skill level 5 in Armour
  4879 | D:8      | Reached skill level 6 in Armour
  4958 | D:8      | Reached skill level 7 in Armour
  5175 | D:8      | Killed Grum
  5179 | D:8      | Reached skill level 8 in Armour
  5302 | D:8      | Reached XP level 10. HP: 75/77 MP: 10/10
  5335 | D:8      | Reached **** piety under the Shining One
  5720 | D:9      | Reached skill level 9 in Armour
  5728 | D:9      | Reached skill level 10 in Armour
  5746 | D:9      | Reached skill level 11 in Armour
  5919 | D:9      | Found the +6 Majin-Bo {spellvamp, MP+6 Int+6}
  5925 | D:9      | Found a shimmering blue altar of Sif Muna.
  6057 | D:9      | Found a white marble altar of Elyvilon.
  6079 | D:9      | Noticed Psyche
  6091 | D:9      | Killed Psyche
  6092 | D:9      | Reached skill level 12 in Armour
  6269 | D:9      | Found an iron altar of Okawaru.
  6358 | D:9      | Reached skill level 13 in Armour
  6425 | D:9      | Reached XP level 11. HP: 58/82 MP: 11/11
  6430 | D:9      | Found a staircase to the Lair.
  7040 | Lair:1   | Entered Level 1 of the Lair of Beasts
  7049 | Lair:1   | Reached skill level 14 in Armour
  7121 | Lair:1   | Noticed an oklob plant
  7192 | Lair:1   | Noticed Joseph
  7325 | Lair:1   | Found a snail-covered altar of Cheibriados.
  7418 | Lair:1   | Reached skill level 15 in Armour
  7549 | Lair:1   | Killed Joseph
  7690 | Lair:1   | Killed an oklob plant
  7884 | Lair:1   | Reached skill level 16 in Armour
  8138 | Lair:1   | Identified the staff of poison "Nayf Toigy" {rPois Int+2}
  8282 | Lair:1   | Identified the +7 dagger "Grom" {speed, *Noise rN+ Will+
                  | Int+4}
  8470 | Lair:2   | Reached skill level 17 in Armour
  8618 | Lair:2   | Reached XP level 12. HP: 86/90 MP: 12/12
  8633 | Lair:2   | Found a transporter.
  8637 | Lair:2   | Found a transporter.
  8652 | Lair:2   | Noticed belegose's ghost (journeyman HORe)
  9040 | Lair:3   | Found a staircase to the Shoals.
  9068 | Lair:3   | Noticed Nergalle
  9078 | Lair:3   | Killed Nergalle
  9192 | Lair:3   | Reached skill level 18 in Armour
  9196 | Lair:3   | Found a staircase to the Snake Pit.
  9784 | Lair:3   | Noticed a death yak
  9788 | Lair:3   | Noticed a boulder beetle
  9809 | Lair:3   | Noticed a six-headed hydra
  9992 | Lair:3   | Killed a death yak
 10097 | Lair:3   | You fall into a shaft and drop 2 floors!
 10097 | Lair:5   | Entered Level 5 of the Lair of Beasts
 10097 | Lair:5   | Noticed a four-headed hydra
 10302 | Lair:5   | Reached skill level 5 in Invocations
 10402 | Lair:5   | Noticed a four-headed hydra
 10411 | Lair:5   | Reached XP level 13. HP: 83/95 MP: 13/17
 10465 | Lair:5   | Reached skill level 19 in Armour
 10583 | Lair:5   | Reached skill level 1 in Throwing
 10693 | Lair:5   | Reached skill level 5 in Throwing
 11707 | Lair:5   | Reached ***** piety under the Shining One
 11726 | Lair:5   | Found a burning altar of Makhleb.
 11784 | Lair:5   | Found a gateway to Hell.
 11791 | Lair:5   | Identified the staff of cold "Bichor" {rPois rC+ rN+++
                  | Int-5 Dex-4}
 11885 | Lair:5   | Reached skill level 10 in Throwing
 11907 | Lair:5   | Reached XP level 14. HP: 53/102 MP: 18/18
 12052 | Lair:4   | Found a viscous altar of Jiyva.
 12052 | Lair:4   | Found a staircase to the Slime Pits.
 12173 | Lair:4   | Found a dark tunnel.
 12195 | Volcano  | Entered a volcano
 12326 | Volcano  | Noticed a stone giant
 12346 | Volcano  | Killed a stone giant
 12358 | Volcano  | Found a bloodstained altar of Trog.
 13421 | Snake:1  | Entered Level 1 of the Snake Pit
 13828 | Snake:1  | Reached skill level 20 in Armour
 14277 | Snake:1  | Found Agrerram's Book Shop.
 14278 | Snake:1  | Found Geats's Jewellery Emporium.
 14279 | Snake:1  | Found Lukoleko's Book Shop.
 14287 | Snake:1  | Bought the amulet of Ylimp {Drain rN++ Regen+ Str+3} for
                  | 530 gold pieces
 14287 | Snake:1  | Bought a ring of resist corrosion for 220 gold pieces
 14602 | Snake:1  | Reached skill level 21 in Armour
 15182 | Snake:2  | Reached XP level 15. HP: 107/107 MP: 20/20
 15216 | Snake:2  | Reached ****** piety under the Shining One
 15372 | Snake:2  | Reached skill level 22 in Armour
 16101 | Snake:3  | Noticed a nagaraja
 16101 | Snake:3  | Found Naibouv's Jewellery Shop.
 16395 | Snake:3  | Reached skill level 23 in Armour
 16513 | Snake:3  | Noticed Nikola
 16873 | Snake:3  | Reached skill level 24 in Armour
 16998 | Snake:3  | Killed a nagaraja
 17004 | Snake:3  | Killed from afar by Nikola

Illustrated notes

Levels and vault maps discovered:
D:1:      amcnicky_arrival_choice, layout_loops_ring, serial_glass,
          glass_columns_a, glass_columns_a, dk_noncrumbling_4
D:2:      layout_rooms, minmay_heptomino_d4
D:3:      layout_rooms, kennysheep_vampire_church,
          mainiacjoe_overflow_tiny_flanked, grunt_qazlal_clouds,
          nicolae_tso_besieged_by_evil, slow_altar_2, minmay_pentomino_pile
D:4:      nicolae_cairo_tiling_very_big, layout_loops_cross,
          nicolae_uskayaw_murder_on_the_dancefloor,
          minmay_temple_entry_stoned_glass
D:5:      layout_basic, general_overflow_altar, zin_statuary, serial_shops,
          nicolae_shop_stone, gammafunk_ghost_mausoleum, kennysheep_flooded_box,
          kennysheep_generic_room_5, uniq_grinder, uniq_pikel, uniq_duvessa
D:6:      layout_gridville, mainiacjoe_overflow_boulevard,
          nicolae_overflow_crystal_walls, lemuel_doored_altar,
          serial_park_tiny_pond, hangedman_decor_opposing, dk_noncrumbling_3,
          nicolae_ea-nasir_strikes_again
D:7:      layout_loops_ring, vehumet_altar_wand_db, st_stairs_3
D:8:      layout_loops_cross, nicolae_ossuary_entry_ruins, uniq_grum
D:9:      layout_loops_ring, okawaru_humans, mainiacjoe_overflow_catwalk,
          nicolae_elyvilon_peaceful_grove, erik_lair_island,
          minmay_strange_pillars, uniq_psyche
Temple:   hellmonk_temple_two_chambers
Lair:1:   layout_loops_ring, minmay_lair_oklob_bushes, kennysheep_snail_temple,
          uniq_joseph
Lair:2:   layout_cave_shapes, gammafunk_ghost_hive, infiniplex_staircase_pool,
          grunt_megastairs_3
Lair:3:   layout_regular_city, minmay_shoals_entry_beasts,
          minmay_snake_entry_guardpost_medium, nzn_random_ring,
          serial_bayou_shore_b, uniq_nergalle
Lair:4:   layout_concentric_octagons, slime_entry_1,
          nicolae_volcano_entry_hallway
Lair:5:   evil_forest, layout_hall_layers, serial_forest,
          infiniplex_forest_clump_small, infiniplex_forest_clump_diagonal,
          infiniplex_forest_straight_4, infiniplex_forest_clump_cross,
          infiniplex_forest_zigzag_1, grunt_megastairs_5,
          infiniplex_staircase_pool_2
Snake:1:  layout_chambers, nicolae_snake_salamander_stairs, lemuel_fruit_tree,
          minmay_shop_grove
Snake:2:  layout_basic, nicolae_snake_dead_anacondas, serial_bayou_shore_b
Snake:3:  layout_misc_corridors, serial_shops, shop,
          nicolae_snake_slithery_hallway, nicolae_stop_n_shop_1,
          grunt_ministairs_15, drop_trap, serial_bayou_shore_b,
          serial_bayou_shore_b, uniq_nikola

Skill      XL: |  1  2  3  4  5  6  7  8  9 10 11 12 13 14 15 |
---------------+----------------------------------------------+-----
Axes           | 3 4 5 6 8 9 12 13 15 16 18 | 18.3
Invocations    | 1 7 8 |  8.5
Armour         | 8 13 17 18 19 21 24 | 24.2
Throwing       | 10 | 10.1
Fighting       | |  3.6
Dodging        | |  0.3
Stealth        | |  0.2
Shields        | |  3.6

Action                     |  1- 3 |  4- 6 |  7- 9 | 10-12 | 13-15 || total
---------------------------+-------+-------+-------+-------+-------++-------
  Melee: War axe           |    91 |   103 |   117 |       |       ||   311
         Headbutt          |     8 |    22 |    32 |    96 |   183 ||   341
         Battleaxe         |       |       |    53 |   363 |   664 ||  1080
  Throw: Dart              |       |     1 |     9 |       |     3 ||    13
 Invoke: Divine Shield     |       |       |     2 |     7 |     8 ||    17
         Cleansing Flame   |       |       |       |     1 |       ||     1
  Evoke: Wand              |       |       |       |     1 |       ||     1
    Use: Potion            |       |     1 |     1 |     5 |    12 ||    19
         Scroll            |       |       |     3 |    18 |    12 ||    33
 Armour: Scale mail        |    46 |    49 |    54 |       |       ||   149
         Plate armour      |       |       |     5 |   188 |   350 ||   543
  Dodge: Dodged            |    43 |    52 |    38 |   106 |   186 ||   425
  Block: Buckler           |    19 |    19 |    23 |       |       ||    61
         Other             |       |       |       |     5 |    93 ||    98
         Reflection        |       |       |       |       |     1 ||     1
